3AAA
WICHITA OUTRIDERS @ HIALEAH DODOS
07/13/2017
 
TOP OF THE 1ST
Wichita Outriders batting - Pitching for Hialeah Dodos : LHP Bubba Foster
Pitching: LHP Bubba Foster
Batting: SHB Ken Osborne 0-0: Ball
1-0: Called Strike
1-1: Swinging Strike
1-2: Foul Ball, location: 2F
1-2: Ball
2-2: Ball
3-2: Base on Balls
Batting: RHB Bobby Christopher 0-0: Ball
1-0: Called Strike
Ken Osborne steals 2nd base
1-1: Called Strike
1-2: Strikes out swinging
Batting: LHB Denny Young 0-0: Fly out, F8 (Flyball, 8RD)
Runner from 2nd tags up, SAFE at 3rd, no throw
Batting: LHB Lonnie Austin 0-0: Ball
1-0: Called Strike
1-1: Ball
2-1: Fly out, F8 (Flyball, 8LM)
Top of the 1st over - 0 run(s), 0 hit(s), 0 error(s), 1 left on base; Wichita 0 - Hialeah 0
BOTTOM OF THE 1ST
Hialeah Dodos batting - Pitching for Wichita Outriders : RHP Stuart Lee
Pitching: RHP Stuart Lee
Batting: RHB Brian King 0-0: Ball
1-0: Swinging Strike
1-1: Swinging Strike
1-2: Foul Ball, location: 2F
1-2: Strikes out swinging
Batting: RHB Owen Cunningham 0-0: Foul Ball, location: 2F
0-1: Ground out 5-3 (Groundball, 5)
Batting: RHB Joe Guy 0-0: Ball
1-0: Called Strike
1-1: Ball
2-1: Swinging Strike
2-2: Foul Ball, location: 2F
2-2: Strikes out swinging
Bottom of the 1st over - 0 run(s), 0 hit(s), 0 error(s), 0 left on base; Wichita 0 - Hialeah 0
TOP OF THE 2ND
Wichita Outriders batting - Pitching for Hialeah Dodos : LHP Bubba Foster
Batting: RHB António Prieto 0-0: Ball
1-0: SINGLE (Line Drive, 89S)
Batting: RHB Chris Green 0-0: Called Strike
0-1: Called Strike
0-2: Foul Ball, location: 2F
0-2: Foul Ball, location: 2F
0-2: Foul Ball, location: 2F
0-2: Ground out 5-3 (Groundball, 56S)
António Prieto to second
Batting: LHB Mike Parker 0-0: SINGLE (Groundball, 56D) (infield hit)
António Prieto to third
Batting: RHB Jonah Moody 0-0: Called Strike
0-1: Foul Ball, location: 2F
0-2: Ball
1-2: 3-RUN HOME RUN (Flyball, 7D), Distance : 370 ft
Batting: SHB Felipe González 0-0: Foul Ball, location: 2F
0-1: SINGLE (Line Drive, 9S)
Batting: SHB Ken Osborne 0-0: Called Strike
0-1: SINGLE (Groundball, 34)
Felipe González to second
Batting: RHB Bobby Christopher 0-0: Swinging Strike
0-1: Grounds into double play, 3-6-4 (Groundball, 34)
Top of the 2nd over - 3 run(s), 5 hit(s), 0 error(s), 1 left on base; Wichita 3 - Hialeah 0
BOTTOM OF THE 2ND
Hialeah Dodos batting - Pitching for Wichita Outriders : RHP Stuart Lee
Batting: LHB José Alvia 0-0: Called Strike
0-1: Called Strike
0-2: Ball
1-2: SINGLE (Groundball, 56D)
Batting: RHB Mitch Jensen 0-0: Grounds into double play, 4-6-3 (Groundball, 4M)
Batting: RHB Luis Trujillo 0-0: Called Strike
0-1: Ball
1-1: Called Strike
1-2: Ball
2-2: Ball
3-2: Base on Balls
Batting: RHB Jorge Emiliani 0-0: Swinging Strike
0-1: Called Strike
0-2: Ball
1-2: Ball
Luis Trujillo steals 2nd base
2-2: Ground out 5-3 (Groundball, 56)
Bottom of the 2nd over - 0 run(s), 1 hit(s), 0 error(s), 1 left on base; Wichita 3 - Hialeah 0
TOP OF THE 3RD
Wichita Outriders batting - Pitching for Hialeah Dodos : LHP Bubba Foster
Batting: LHB Denny Young 0-0: Called Strike
0-1: Swinging Strike
0-2: Ball
1-2: Strikes out swinging
Batting: LHB Lonnie Austin 0-0: Ball
1-0: Ball
2-0: Ball
3-0: Base on Balls
Batting: RHB António Prieto 0-0: Ball
1-0: Ball
2-0: Swinging Strike
2-1: Ball
3-1: Base on Balls
Lonnie Austin to second
Batting: RHB Chris Green 0-0: Ball
1-0: Foul Ball, location: 2F
1-1: Ball
2-1: Swinging Strike
2-2: Ball
3-2: Strikes out swinging
Batting: LHB Mike Parker 0-0: Ball
1-0: Called Strike
1-1: Swinging Strike
1-2: Fly out, F8 (Line Drive, 8RM)
Top of the 3rd over - 0 run(s), 0 hit(s), 0 error(s), 2 left on base; Wichita 3 - Hialeah 0
BOTTOM OF THE 3RD
Hialeah Dodos batting - Pitching for Wichita Outriders : RHP Stuart Lee
Batting: RHB Ed Lee 0-0: Foul Ball, location: 2F
0-1: Ball
1-1: Ball
2-1: Ball
3-1: DOUBLE (Groundball, 5L)
Batting: RHB Álex Escobar 0-0: Ball
1-0: Called Strike
1-1: Swinging Strike
1-2: Fly out, F7 (Flyball, 78S)
Batting: RHB Brian King 0-0: Called Strike
0-1: Called Strike
0-2: Strikes out looking
Batting: RHB Owen Cunningham 0-0: Fly out, F6 (Popup, 56)
Bottom of the 3rd over - 0 run(s), 1 hit(s), 0 error(s), 1 left on base; Wichita 3 - Hialeah 0
TOP OF THE 4TH
Wichita Outriders batting - Pitching for Hialeah Dodos : LHP Bubba Foster
Batting: RHB Jonah Moody 0-0: Fly out, F8 (Flyball, 8RM)
Batting: SHB Felipe González 0-0: Called Strike
0-1: Swinging Strike
0-2: Reached on Error, E6 (Popup, 56D)
Batting: SHB Ken Osborne 0-0: Called Strike
0-1: Swinging Strike
0-2: Foul Ball, location: 2F
0-2: Ball
1-2: Foul Ball, location: 2F
1-2: Fly out, F4 (Popup, 34)
Batting: RHB Bobby Christopher 0-0: Ball
1-0: Fly out, F7 (Flyball, 7D)
Top of the 4th over - 0 run(s), 0 hit(s), 1 error(s), 1 left on base; Wichita 3 - Hialeah 0
BOTTOM OF THE 4TH
Hialeah Dodos batting - Pitching for Wichita Outriders : RHP Stuart Lee
Batting: RHB Joe Guy 0-0: Ball
1-0: Foul Ball, location: 2F
1-1: Called Strike
1-2: Strikes out swinging
Batting: LHB José Alvia 0-0: SOLO HOME RUN (Flyball, 9D), Distance : 389 ft
Batting: RHB Mitch Jensen 0-0: Ball
1-0: Ball
2-0: Called Strike
2-1: Ground out 4-3 (Groundball, 4M)
Batting: RHB Luis Trujillo 0-0: Ball
1-0: Ground out 5-3 (Groundball, 5S)
Bottom of the 4th over - 1 run(s), 1 hit(s), 0 error(s), 0 left on base; Wichita 3 - Hialeah 1
TOP OF THE 5TH
Wichita Outriders batting - Pitching for Hialeah Dodos : LHP Bubba Foster
Batting: LHB Denny Young 0-0: Foul Ball, location: 2F
0-1: Ball
1-1: Ball
2-1: Foul Ball, location: 2F
2-2: Ball
3-2: Foul Ball, location: 2F
3-2: Fly out, F8 (Flyball, 89D)
Batting: LHB Lonnie Austin 0-0: Called Strike
0-1: Swinging Strike
0-2: Foul Ball, location: 2F
0-2: Foul Ball, location: 2F
0-2: Foul Ball, location: 2F
0-2: Strikes out swinging
Batting: RHB António Prieto 0-0: Foul Ball, location: 2F
0-1: Ball
1-1: Ball
2-1: Foul Ball, location: 2F
2-2: SINGLE (Groundball, 5)
Batting: RHB Chris Green 0-0: Called Strike
0-1: Foul Ball, location: 2F
0-2: Strikes out swinging
Top of the 5th over - 0 run(s), 1 hit(s), 0 error(s), 1 left on base; Wichita 3 - Hialeah 1
BOTTOM OF THE 5TH
Hialeah Dodos batting - Pitching for Wichita Outriders : RHP Stuart Lee
Batting: RHB Jorge Emiliani 0-0: Called Strike
0-1: Ball
1-1: Called Strike
1-2: Foul Ball, location: 2F
1-2: Ball
2-2: Ground out 4-3 (Groundball, 4S)
Batting: RHB Ed Lee 0-0: Ball
1-0: Swinging Strike
1-1: Foul Ball, location: 2F
1-2: Fly out, F3 (Popup, 3SF)
Batting: RHB Álex Escobar 0-0: Ground out 4-3 (Groundball, 4D)
Bottom of the 5th over - 0 run(s), 0 hit(s), 0 error(s), 0 left on base; Wichita 3 - Hialeah 1
TOP OF THE 6TH
Wichita Outriders batting - Pitching for Hialeah Dodos : LHP Bubba Foster
Batting: LHB Mike Parker 0-0: Ball
1-0: Called Strike
1-1: Called Strike
1-2: Ball
2-2: Ball
3-2: DOUBLE (Flyball, 8LS)
Pitching: RHP Martin Benthall
Batting: RHB Jonah Moody 0-0: Ball
1-0: Foul Ball, location: 2F
1-1: Fly out, F1 (Line Drive, 13)
Batting: SHB Felipe González 0-0: Fly out, F8 (Line Drive, 8RM)
Batting: SHB Ken Osborne 0-0: Called Strike
0-1: Ground out 4-3 (Groundball, 4)
Top of the 6th over - 0 run(s), 1 hit(s), 0 error(s), 1 left on base; Wichita 3 - Hialeah 1
BOTTOM OF THE 6TH
Hialeah Dodos batting - Pitching for Wichita Outriders : RHP Stuart Lee
Batting: RHB Brian King 0-0: Ball
1-0: Swinging Strike
1-1: Ball
2-1: Foul Ball, location: 2F
2-2: Ball
3-2: SINGLE (Groundball, 56D)
Batting: RHB Owen Cunningham 0-0: Ball
1-0: Fly out, F8 (Flyball, 8LM)
Batting: RHB Joe Guy Pickoff Throw to First - Error! E1
Brian King to second
0-0: Called Strike
0-1: Ball
1-1: Swinging Strike
1-2: Ball
2-2: Fly out, F9 (Flyball, 9M)
Batting: LHB José Alvia 0-0: Ball
1-0: Called Strike
1-1: 2-RUN HOME RUN (Flyball, 9D), Distance : 387 ft
Batting: RHB Mitch Jensen 0-0: Ball
1-0: Ground out 4-3 (Groundball, 4M)
Bottom of the 6th over - 2 run(s), 2 hit(s), 1 error(s), 0 left on base; Wichita 3 - Hialeah 3
TOP OF THE 7TH
Wichita Outriders batting - Pitching for Hialeah Dodos : RHP Martin Benthall
Batting: RHB Bobby Christopher 0-0: Foul Ball, location: 2F
0-1: Foul Ball, location: 2F
0-2: Fly out, F9 (Flyball, 9M)
Pitching: LHP Ben Flowers
Batting: LHB Denny Young 0-0: Ball
1-0: Ball
2-0: SINGLE (Groundball, 4MD)
Pitching: RHP Jesús González
Batting: LHB Lonnie Austin 0-0: Called Strike
0-1: Swinging Strike
0-2: Foul Ball, location: 2F
0-2: Ball
1-2: 2-RUN HOME RUN (Flyball, 78XD), Distance : 431 ft
Batting: RHB António Prieto 0-0: Ground out 5-3 (Groundball, 5S)
Batting: RHB Chris Green 0-0: SINGLE (Flyball, 89S)
Batting: LHB Mike Parker 0-0: Foul Ball, location: 2F
0-1: Ball
1-1: Ball
2-1: Foul Ball, location: 2F
2-2: DOUBLE (Groundball, 3D)
Chris Green to third
Runner from 3rd tries for Home, SAFE, no throw or cutoff
Pitching: RHP Claudio Cruz
Batting: RHB Jonah Moody 0-0: Ball
1-0: Ball
2-0: Called Strike
2-1: Fly out, F8 (Flyball, 8RM)
Top of the 7th over - 3 run(s), 4 hit(s), 0 error(s), 1 left on base; Wichita 6 - Hialeah 3
BOTTOM OF THE 7TH
Hialeah Dodos batting - Pitching for Wichita Outriders : RHP Stuart Lee
Batting: RHB Luis Trujillo 0-0: Ball
1-0: Called Strike
1-1: Fly out, F8 (Flyball, 89D)
Batting: RHB Jorge Emiliani 0-0: Foul Ball, location: 2F
0-1: DOUBLE (Line Drive, 8LM)
Batting: RHB Ed Lee 0-0: Swinging Strike
0-1: Ball
1-1: Swinging Strike
1-2: Strikes out swinging
Batting: RHB Álex Escobar 0-0: Ball
1-0: Ball
2-0: Ball
3-0: Base on Balls
Pitching: RHP Jim Unknown
Batting: RHB Brian King 0-0: Foul Ball, location: 2F
0-1: Swinging Strike
0-2: Foul Ball, location: 2F
0-2: SINGLE (Groundball, 56)
Jorge Emiliani to third
Álex Escobar to second
Runner from 3rd tries for Home, SAFE, no throw or cutoff
Pinch Hitting: LHB Craig Lovins 0-0: Called Strike
0-1: Ball
1-1: Swinging Strike
1-2: Ball
2-2: Strikes out swinging
Bottom of the 7th over - 1 run(s), 2 hit(s), 0 error(s), 2 left on base; Wichita 6 - Hialeah 4
TOP OF THE 8TH
Wichita Outriders batting - Pitching for Hialeah Dodos : RHP Claudio Cruz
Now at 1B: Craig Lovins
Batting: SHB Felipe González 0-0: Called Strike
0-1: Ball
1-1: Called Strike
1-2: Ball
2-2: Ball
3-2: Base on Balls
Batting: SHB Ken Osborne 0-0: Foul Ball, location: 2F
0-1: Foul Ball, location: 2F
0-2: Strikes out looking
Batting: RHB Bobby Christopher 0-0: Called Strike
0-1: Ball
1-1: DOUBLE (Line Drive, 4D)
Felipe González to third
Runner from 3rd tries for Home, SAFE, throw made home
Batting: LHB Denny Young 0-0: Intentional Walk
Batting: LHB Lonnie Austin 0-0: Foul Ball, location: 2F
0-1: Ball
1-1: Foul Ball, location: 2F
1-2: Foul Ball, location: 2F
1-2: Foul Ball, location: 2F
1-2: Ball
2-2: Ball
3-2: Foul Ball, location: 2F
3-2: Foul Ball, location: 2F
3-2: SINGLE (Flyball, 78S)
Bobby Christopher to third
Denny Young to second
Batting: RHB António Prieto 0-0: DOUBLE (Flyball, 89M)
Bobby Christopher scores
Denny Young scores
Lonnie Austin to third
Pitching: RHP Clarence Lee
Batting: RHB Chris Green 0-0: Ball
1-0: Called Strike
1-1: Called Strike
1-2: Ball
2-2: Fly out, F5 (Popup, 15S)
Batting: LHB Mike Parker 0-0: Called Strike
0-1: Ball
1-1: Ball
2-1: Called Strike
2-2: Foul Ball, location: 2F
2-2: Ball
3-2: Foul Ball, location: 2F
3-2: Fly out, F6 (Popup, 6D)
Top of the 8th over - 3 run(s), 3 hit(s), 0 error(s), 2 left on base; Wichita 9 - Hialeah 4
BOTTOM OF THE 8TH
Hialeah Dodos batting - Pitching for Wichita Outriders : RHP Jim Unknown
Batting: RHB Joe Guy 0-0: Swinging Strike
0-1: Ball
1-1: Foul Ball, location: 2F
1-2: SOLO HOME RUN (Flyball, 7LD), Distance : 362 ft
Batting: LHB José Alvia 0-0: Ball
1-0: Ball
2-0: Foul Ball, location: 2F
2-1: Fly out, F8 (Line Drive, 8LD)
Batting: RHB Mitch Jensen 0-0: Ball
1-0: Fly out, F7 (Flyball, 7M)
Batting: RHB Luis Trujillo 0-0: Called Strike
0-1: Ball
1-1: Foul Ball, location: 2F
1-2: Strikes out swinging
Bottom of the 8th over - 1 run(s), 1 hit(s), 0 error(s), 0 left on base; Wichita 9 - Hialeah 5
TOP OF THE 9TH
Wichita Outriders batting - Pitching for Hialeah Dodos : RHP Clarence Lee
Batting: RHB Jonah Moody 0-0: Ball
1-0: Ball
2-0: Foul Ball, location: 2F
2-1: SINGLE (Line Drive, 89S)
Batting: SHB Felipe González 0-0: Called Strike
0-1: Ball
1-1: Ball
2-1: Swinging Strike
2-2: Foul Ball, location: 2F
2-2: Ball
3-2: Base on Balls
Jonah Moody to second
Batting: SHB Ken Osborne 0-0: Called Strike
0-1: Fielders Choice at 2nd, 6-4 (Groundball, 6M)
Jonah Moody to third
Batting: RHB Bobby Christopher 0-0: SINGLE (Flyball, 89S)
Jonah Moody scores
Ken Osborne to second
Runner from 2nd tries for 3rd, OUT!
Batting: LHB Denny Young 0-0: Ground out 3-1 (Groundball, 34S)
Top of the 9th over - 1 run(s), 2 hit(s), 0 error(s), 1 left on base; Wichita 10 - Hialeah 5
BOTTOM OF THE 9TH
Hialeah Dodos batting - Pitching for Wichita Outriders : RHP Jim Unknown
Pitching: RHP Jim Unknown
Batting: RHB Jorge Emiliani 0-0: Ball
1-0: Ball
2-0: Called Strike
2-1: Foul Ball, location: 2F
2-2: Foul Ball, location: 2F
2-2: Ball
3-2: Base on Balls
Batting: RHB Ed Lee 0-0: Swinging Strike
0-1: Swinging Strike
0-2: Ball
1-2: Strikes out looking
Batting: RHB Álex Escobar 0-0: Ball
1-0: Ball
2-0: Called Strike
2-1: Ball
3-1: Base on Balls
Jorge Emiliani to second
Batting: RHB Brian King 0-0: Called Strike
0-1: Ball
1-1: Ball
2-1: Reached on error, E4 (Groundball, 4)
Jorge Emiliani to third
Álex Escobar to second
Batting: LHB Craig Lovins 0-0: Foul Ball, location: 2F
0-1: Ball
1-1: Swinging Strike
1-2: Strikes out swinging
Batting: RHB Joe Guy 0-0: GRAND SLAM HOME RUN (Flyball, 78XD), Distance : 425 ft
Pitching: LHP Jim Unknown
Batting: LHB José Alvia 0-0: Foul Ball, location: 2F
0-1: Ground out 1-3 (Groundball, 15)
Bottom of the 9th over - 4 run(s), 1 hit(s), 1 error(s), 0 left on base; Wichita 10 - Hialeah 9
This league is powered by Out of the Park Baseball, the baseball management simulation game for PC, Mac and Linux
Saturday, February 27th, 2021 - OOTP Baseball 15.6 Build 34